 Dungeon Crawl Stone Soup version 0.28-a0-984-g3775c662fe (webtiles) character file.

Game seed: 15879757739483798416

168 fragbeetle the Grasshopper (level 5, -5/43 HPs)
             Began as a Gnoll Warper on Dec 3, 2021.
             Was an Initiate of Okawaru.
             Shot with an arrow by a centaur (7 damage)
             ... on level 4 of the Dungeon.
             The game lasted 00:13:47 (4516 turns).

fragbeetle the Grasshopper (Gnoll Warper)           Turns: 4516, Time: 00:13:48

Health: -5/43      AC:  6    Str: 12    XL:     5   Next: 49%
Magic:  2/4        EV: 13    Int: 13    God:    Okawaru [......]
Gold:   62         SH:  0    Dex: 11    Spells: 7/14 levels left

rFire   . . .      SeeInvis .   o - +0 mace (antimagic)
rCold   . . .      Faith    .   (no shield)
rNeg    . . .      Spirit   .   b - +0 leather armour
rPois   .          Reflect  .   p - +2 helmet
rElec   .          Harm     .   (no cloak)
rCorr   .          Rampage  .   (no gloves)
Will    .....                   (no boots)
Stlth   +.........              (no amulet)
HPRegen 0.14/turn               (no ring)
MPRegen 0.09/turn               (no ring)

@: on blink cooldown
A: fangs 1, strong nose, distributed training
a: Renounce Religion


You were on level 4 of the Dungeon.
You worshipped Okawaru.
Okawaru was noncommittal.
You visited 1 branch of the dungeon, and saw 4 of its levels.

You collected 62 gold pieces.

Inventory:

Hand Weapons
 m - a +0 vampiric dagger
 o - a +0 antimagic mace (weapon)
Missiles
 d - 5 boomerangs of dispersal (quivered)
 q - 2 boomerangs
Armour
 a - a +0 animal skin
 b - a +0 leather armour (worn)
 g - a +0 tower shield
 p - a +2 helmet (worn)
 t - a +0 chain mail
Jewellery
 h - a ring of flight
Wands
 u - a wand of paralysis (6)
Scrolls
 c - 3 scrolls of blinking
 e - 2 scrolls of teleportation {unknown}
 f - a scroll of amnesia
 k - 3 scrolls of enchant armour
 l - a scroll of noise {unknown}
 r - a scroll of immolation {unknown}
 s - a scroll of identify {unknown}
Potions
 i - a potion of degeneration {unknown}
 j - a potion of flight {unknown}
 n - a potion of lignification {unknown}


   Skills:
 + Level 4.8 Fighting
 + Level 1.5 Short Blades
 + Level 1.5 Long Blades
 + Level 1.5 Axes
 + Level 4.8 Maces & Flails
 + Level 1.5 Polearms
 + Level 1.5 Staves
 + Level 1.5 Slings
 + Level 1.5 Bows
 + Level 1.5 Crossbows
 + Level 3.0 Throwing
 + Level 3.0 Armour
 + Level 4.8 Dodging
 + Level 1.5 Stealth
 + Level 1.5 Shields
 + Level 1.5 Unarmed Combat
 + Level 5.2 Spellcasting
 + Level 1.2 Conjurations
 + Level 1.2 Hexes
 + Level 1.2 Summonings
 + Level 1.2 Necromancy
 + Level 5.5 Translocations
 + Level 1.2 Transmutations
 + Level 1.2 Fire Magic
 + Level 1.2 Ice Magic
 + Level 1.2 Air Magic
 + Level 1.2 Earth Magic
 + Level 1.2 Poison Magic
 + Level 1.7 Invocations
 + Level 1.5 Evocations


You had 7 spell levels left.
You knew the following spells:

 Your Spells              Type           Power      Damage    Failure   Level
a - Blink                 Tloc           34%        N/A       3%          2
b - Gell's Gravitas       Tloc           17%        N/A       7%          3
c - Ensorcelled Hibernat  Hex/Ice        12%        N/A       22%         2

Your spell library contained the following spells:

 Spells                   Type           Power      Damage    Failure   Level
 Lesser Beckoning         Tloc           17%        N/A       7%          3
 Teleport Other           Tloc           17%        N/A       7%          3
 Manifold Assault         Tloc           17%        N/A       54%         5
 Tukima's Dance           Hex            Unusable   N/A       N/A         3

Dungeon Overview and Level Annotations

Branches:
Dungeon (4/15)
 Temple: D:4-7

Altars:
Okawaru
Yredelemnul

Annotations:
D:4 Menkaure


Innate Abilities, Weirdness & Mutations

You have very sharp teeth.
Your uncanny sense of smell can sniff out nearby items.
Your experience applies equally to all skills.


Message History

Unknown command.
Unknown command.
You open the door.
There is an open door here.
Okay, then.
HP restored.
Menkaure, Prince of Dust comes into view.
Menkaure shouts!
You hear a shout!
Menkaure calls on the powers of darkness!
Your body is wracked with pain!
Found 8 gold pieces.
An orc comes into view. It is wielding a +0 club.
The orc shouts!
You see here 8 gold pieces.
The orc closely misses you.
A centaur comes into view.
You hit the orc but do no damage. The orc completely misses you.
The centaur shouts!
The centaur wields a +0 shortbow.
The centaur shoots an arrow.
The arrow hits you. The orc hits you with a +0 club.
You open the door.
The centaur shoots an arrow.
The arrow hits you.
The centaur shoots an arrow.
The arrow closely misses you. The orc closely misses you.
The centaur shoots an arrow.
The arrow hits you!
* * * LOW HITPOINT WARNING * * *
There is an open door, spattered with blood here.
The centaur shoots an arrow.
The arrow hits you but does no damage.
The centaur shoots an arrow.
The arrow closely misses you.
The centaur shoots an arrow.
The arrow misses you. The orc hits you but does no damage.
You open the door. The orc misses you.
Found 11 stones.
There is an open door here.
Found 13 gold pieces.
The centaur shoots an arrow.
The arrow hits you!
* * * LOW HITPOINT WARNING * * *
You closely miss the orc. The orc misses you.
Casting: Gell's Gravitas (dangerous; 7% risk of failure)
Confirm with . or Enter, or press ? or * to list all spells.
You blink.
The centaur shoots an arrow.
The arrow hits you!
You die...

...##.....##...
..................
.................
∆................ ###
#...##..........
#..#+##...##..........
#.........####'#####..
#.........##.....###..
#...$@....§o......#...
#.........(c......# ..
##...##...##......# .
#... #...##...##.#
#....#....##...# .#
#....#.........# ..
#....#.........# .
#....#.........#


You could see a centaur and an orc.

Vanquished Creatures
  Robin (D:2)
  7 adders
  3 dart slugs
  4 orcs (D:3)
  5 bats
  4 endoplasms
  A giant cockroach (D:2)
  14 goblins
  10 hobgoblins
  4 jackals
  9 kobolds
  10 ball pythons
  3 frilled lizards
  6 rats
  A spectral orc (D:3)
82 creatures vanquished.

Notes
Turn   | Place    | Note
-------+----------+-------------------------------------------
     0 | D:1      | fragbeetle the Gnoll Warper began the quest for the Orb.
     0 | D:1      | Reached XP level 1. HP: 20/20 MP: 6/6
    52 | D:1      | Reached XP level 2. HP: 22/26 MP: 7/7
    57 | D:1      | Learned a level 2 spell: Blink
   399 | D:2      | Reached XP level 3. HP: 9/31 MP: 9/9
   655 | D:2      | Learned a level 3 spell: Gell's Gravitas
   677 | D:2      | Reached skill level 5 in Spellcasting
   947 | D:1      | Reached skill level 1 in Invocations
  1421 | D:2      | Reached skill level 1 in Short Blades
  1421 | D:2      | Reached skill level 1 in Long Blades
  1421 | D:2      | Reached skill level 1 in Axes
  1421 | D:2      | Reached skill level 1 in Polearms
  1421 | D:2      | Reached skill level 1 in Staves
  1421 | D:2      | Reached skill level 1 in Slings
  1421 | D:2      | Reached skill level 1 in Bows
  1421 | D:2      | Reached skill level 1 in Crossbows
  1421 | D:2      | Reached skill level 1 in Stealth
  1421 | D:2      | Reached skill level 1 in Shields
  1421 | D:2      | Reached skill level 1 in Unarmed Combat
  1421 | D:2      | Reached skill level 1 in Evocations
  1427 | D:2      | Reached XP level 4. HP: 17/38 MP: 6/11
  1692 | D:2      | Found a faded altar of an unknown god.
  1764 | D:2      | Noticed Robin
  2367 | D:2      | Reached skill level 1 in Conjurations
  2367 | D:2      | Reached skill level 1 in Hexes
  2367 | D:2      | Reached skill level 1 in Summonings
  2367 | D:2      | Reached skill level 1 in Necromancy
  2367 | D:2      | Reached skill level 1 in Transmutations
  2367 | D:2      | Reached skill level 1 in Fire Magic
  2367 | D:2      | Reached skill level 1 in Ice Magic
  2367 | D:2      | Reached skill level 1 in Air Magic
  2367 | D:2      | Reached skill level 1 in Earth Magic
  2367 | D:2      | Reached skill level 1 in Poison Magic
  2892 | D:2      | Killed Robin
  3357 | D:3      | Reached XP level 5. HP: 33/43 MP: 4/12
  3364 | D:3      | Learned a level 3 spell: Teleport Other
  3587 | D:3      | Found an iron altar of Okawaru.
  3595 | D:3      | Became a worshipper of Warmaster Okawaru
  3811 | D:3      | Found a basalt altar of Yredelemnul.
  4113 | D:3      | Learned a level 2 spell: Ensorcelled Hibernation
  4481 | D:4      | Noticed Menkaure
  4496 | D:4      | Noticed a centaur
  4513 | D:4      | HP: 2/43 [centaur/arrow (12)]
  4516 | D:4      | Shot with an arrow by a centaur

Illustrated notes

Levels and vault maps discovered:
D:1:      dpeg_arrival_windows_large_door, layout_rooms
D:2:      layout_basic, hellmonk_ecumenical_altar_inner_sanctum, uniq_robin
D:3:      layout_basic, yredelemnul_forgotten_temple_becter,
          okawaru_ov_weapons_minmay
D:4:      layout_gridville, marbit_many_paths, uniq_menkaure

Skill      XL: |  1  2  3  4  5 |
---------------+----------------+-----
Spellcasting   | 5 |  5.2
Invocations    | 1 |  1.7
Short Blades   | 1 |  1.5
Long Blades    | 1 |  1.5
Axes           | 1 |  1.5
Polearms       | 1 |  1.5
Staves         | 1 |  1.5
Slings         | 1 |  1.5
Bows           | 1 |  1.5
Crossbows      | 1 |  1.5
Stealth        | 1 |  1.5
Shields        | 1 |  1.5
Unarmed Combat | 1 |  1.5
Evocations     | 1 |  1.5
Conjurations   | 1 |  1.2
Hexes          | 1 |  1.2
Summonings     | 1 |  1.2
Necromancy     | 1 |  1.2
Transmutations | 1 |  1.2
Fire Magic     | 1 |  1.2
Ice Magic      | 1 |  1.2
Air Magic      | 1 |  1.2
Earth Magic    | 1 |  1.2
Poison Magic   | 1 |  1.2
Throwing       | 3 |  3.0
Armour         | 3 |  3.0
Fighting       | |  4.8
Maces & Flails | |  4.8
Dodging        | |  4.8
Translocations | |  5.5

Action                   |  1- 3 |  4- 6 || total
-------------------------+-------+-------++-------
Melee: Mace              |   124 |   172 ||   296
       Bite              |     5 |    10 ||    15
       Dagger            |       |    27 ||    27
       Punch             |       |     1 ||     1
 Cast: Gell's Gravitas   |     2 |     3 ||     5
       Blink             |       |     3 ||     3
  Use: Scroll            |       |     3 ||     3
Armor: Leather armour    |    26 |    64 ||    90
Dodge: Dodged            |    97 |   167 ||   264

Table legend: (Time is in decaauts)
 A = Elapsed time spent in this place.
 B = Non-inter-level travel time spent in this place.
 C = Inter-level travel time spent in this place.
 D = Time resting spent in this place.
 E = Time spent auto-exploring this place.
 F = Levels seen in this place.
 G = Mean time per level.
                   A        B        C        D        E       F      G
               +--------+--------+--------+--------+--------+-----+--------+
         Total |   4573 |   4536 |     37 |   1546 |   1417 |   4 | 1143.2 |
       Dungeon |   4573 |   4536 |     37 |   1546 |   1417 |   4 | 1143.2 |
               +--------+--------+--------+--------+--------+-----+--------+

Top non-repeatable levels by time:
     D:2: 1885 daAuts
     D:1: 1300 daAuts
     D:3: 1045 daAuts
     D:4: 342 daAuts
